[Event "86th Tata Steel Masters 2024"]
[Site "Wijk aan Zee"]
[Date "2024.01.23"]
[Round "9.7"]
[White "Praggnanandhaa R"]
[Black "Ju, Wenjun"]
[Result "1-0"]
[ECO "C58"]
[WhiteElo "2743"]
[BlackElo "2549"]
[Annotator "GM Rafael Leitão"]
[PlyCount "65"]
[EventDate "2024.??.??"]
[TimeControl "40/6000+30:3000+30"]

1. e4 e5 2. Nf3 Nc6 3. Bc4 Nf6 4. Ng5 {De vez em quando, jogadores de Brancas
apimentam as coisas com esse lance antigo e perigoso do cavalo, tornando a
partida muito mais divertida do que as posições mais lentas após 4.d3.} d5
5. exd5 Na5 {Este lance é mais ou menos automático em partidas clássicas de
elite, mas se você está procurando diversão em suas partidas de blitz,
você pode querer investigar os lances 5...b5 ou 5...Cd4.} (5... Nxd5 $6 {
[%c_effect d5;square;d5;type;Inaccuracy;persistent;true] Isto é perigoso e
muito conhecido.}) (5... b5 $5 ) (5... Nd4 $5 6. c3 b5 (6... h6)) 6. Bb5+ c6 (6... Bd7 $5 {[%c_effect d7;
square;d7;type;Interesting;persistent;true] também é interessante,
principalmente porque pode pegar seu oponente de surpresa.} 7. Qe2 Be7 {
com compensação em uma posição ainda altamente teórica.} (7... Bd6)) 7.
dxc6 bxc6 8. Bd3 Nd5 (8... Ng4 $5 {[%c_effect g4;square;g4;type;Interesting;
persistent;true] também é possível e já joguei esse lance em muitas
partidas online que normalmente perco, mas a culpa não é do pobre cavalo,
mas sim da mente inepta que o dirige, pois eu realmente não entendo as
posições que surgem neste sistema, são muito caóticas para o meu estilo
temeroso.}) 9. h4 {Muito menos comum que 9.Cf3, mas como foi jogado por
Firouzja em uma partida clássica recentemente, imagino que Ju sabia disso.} (
9. Nf3 {é a abordagem normal.}) 9... Qc7 {Uma das várias possibilidades
promissoras para as Negras.} (9... h6 {é considerada uma das melhores
opções das Negras.} 10. Qh5 Qf6 11. Ne4 Qe6 12. b3 {em Firouzja-Caruana,
Sinquefield Cup Saint Louis 2023. Essa partida terminou com uma vitória
espetacular de Caruana depois de muitas reviravoltas.}) (9... Be7 10. Qf3 f5
11. Bxf5 Rf8 12. Qh5+ g6 13. Bxg6+ hxg6 14. Qxg6+ Kd7 15. d3 {Com completo
caos. Minha mão treme até mesmo percorrendo essas variantes com o
mouse—imagine se eu estivesse jogando.}) 10. b3 {Um novo lance que foi
jogado rapidamente pelas Brancas.} (10. Nc3 {geralmente é jogado. A seguinte
linha de empate ilustra as possibilidades para ambos os lados.} h6 11. Nxd5
cxd5 12. Qh5 Bc5 $1 13. b4 {Necessário para desviar o bispo do ataque em f2.} Bxb4 14. Nxf7 O-O
15. Nxe5 Rf5 $1 16.
Qe8+ Rf8 17. Qh5 {com um empate por repetição. Comentaristas adoram linhas
de empate aleatórias, mas esta foi realmente jogada em algumas partidas por
correspondência.}) 10... h6 {Remover o cavalo de sua posição perigosa em g5
é a opção mais natural.} 11. Ne4 (11. Qh5 $4 {[%c_effect h5;square;h5;type;
Blunder;persistent;true] não funciona agora que o peão de f7 está protegido.
} Nf4) 11... f5 {As Negras continuam perseguindo o cavalo. Existem outras
opções interessantes.} (11... Be7 {continua o desenvolvimento e é
perfeitamente jogável.}) (11... Nf4 {também é interessante:} 12. Bf1 Be7 13.
g3 Ne6 14. d3 O-O 15. g4 $1 {[%c_effect g4;square;g4;type;GreatFind;persistent;
true] Um lance difícil e necessário para preservar o cavalo em e4. A
posição é difícil de entender e jogar. Minha única convicção é que as
Negras têm uma boa compensação pelo peão.}) 12. Nec3 Nf6 (12... Nf4 $1 {
[%c_effect f4;square;f4;type;GreatFind;persistent;true] é mais preciso:} 13.
Bf1 Bb7 14. g3 c5 $1 {[%c_effect c5;square;c5;type;GreatFind;persistent;true]
Atacando a torre em h1.} 15. Rg1 Ne6 16. Qh5+ Qf7 17. Qxf7+ Kxf7 {Apesar da
troca de damas, a compensação das Negras pelo peão continua excelente.}) 13.
Bb2 (13. Ba3 $2 {[%c_effect a3;square;a3;type;Mistake;persistent;true] tem uma
boa ideia por trás—trocar peças enquanto está com um peão a mais, mas é
muito lento:} e4 14. Be2 Bxa3 15. Nxa3 O-O {com excelente compensação para
as Negras.}) (13. Be2 $1 {[%c_effect e2;square;e2;type;GreatFind;persistent;
true] é o melhor lance, antecipando o ataque com o bispo com e5-e4 e
preparando um xeque em h5.} Kf7 (13... Bd6 $6 14. Bh5+ {e o rei negro está numa situação um
tanto desconfortável.}) (13... g6 14. Bb2 {com chances de vantagem para as
Brancas.} (14. d4 $5 {[%c_effect d4;square;d4;type;Interesting;persistent;true]
também é possível.})) 14. Bb2 {Esta é uma versão melhorada para as
Brancas em comparação com a posição da partida.}) 13... Bd6 {
Praggnanandhaa disse que sentiu que este lance foi impreciso. Ele não disse
qual lance considerou melhor, mas talvez 13...Bb4 seja interessante.} (13...
Bb4 $5 {[%c_effect b4;square;b4;type;Interesting;persistent;true] A ideia é
que se 14.a3, então as Brancas perdem a casa para seu cavalo, enquanto 14.Ca3
não funciona nesta posição.} 14. a3 (14. Na3 $2 e4 15. Qe2 $2 Qe7 $1 {[%c_effect e7;square;e7;type;GreatFind;
persistent;true] Com o bispo em b4, isso ataca tanto o bispo em d3 quanto o
cavalo em a3: as Negras ganham uma peça.}) 14... Bd6 15. b4 Nb7 16. Bc4 {
com jogo de dois gumes.}) 14. Na3 e4 15. Qe2 O-O (15... Qe7 16. Nc4 $1 {
[%c_effect c4;square;c4;type;GreatFind;persistent;true] Essa é a questão.})
16. Ba6 $1 {[%c_effect a6;square;a6;type;GreatFind;persistent;true] Os
últimos lances de ambos os lados foram muito lógicos, completando o
desenvolvimento e removendo uma peça de uma posição atacada. Agora vem um
erro.} Be6 $2 {[%c_effect e6;square;e6;type;Mistake;persistent;true] Após
este lance, as Negras não encontram mais compensação.} (16... Bxa6 17. Qxa6
Ng4 $1 {[%c_effect g4;square;g4;type;GreatFind;persistent;true] Esta
sequência era necessária. Agora, as Brancas não podem completar o
desenvolvimento devido à pressão sobre o peão de f2. A ideia principal do
jogo das Negras é que se as Brancas defendem este peão com a torre em f1,
então o cavalo vai para h2 e depois volta para g4, com uma oferta de empate.}
18. Nc4 (18. Rf1 Nh2 19. Rh1 Ng4 {Isso ilustra com uma variante o que acabei
de descrever em palavras.}) 18... Nxc4 19. Qxc4+ Kh7 20. Rf1 Nh2 $1 21. Rh1 Ng4 {As
Brancas não têm nada melhor do que aceitar uma repetição de lance, caso
contrário as Negras têm uma iniciativa perigosa.}) 17. Nc4 {É uma pena
trocar o notoriamente fraco cavalo em a5, mas, encaremos a realidade, o cavalo
branco em a3 também não era tão bom. Além disso, a troca de peças
favorece o jogador com vantagem material.} Bb4 (17... Nxc4 18. Bxc4 {é muito
confortável para as Brancas.}) 18. O-O-O Nb7 $6 {[%c_effect b7;square;b7;type;
Inaccuracy;persistent;true] Uma tentativa de melhorar o cavalo, mas isso piora
ainda mais as coisas.} (18... Rae8 {é melhor.}) 19. Bxb7 {As Brancas têm
várias opções, mas sua escolha é boa.} Qxb7 20. f3 $1 Rae8 (20... Nh5 {prepara um ataque
duplo em g3, mas as Brancas podem simplesmente jogar} 21. Rhe1 {com uma grande
vantagem.}) 21. Ne5 (21. a3 {também é uma boa opção, e talvez até mais
precisa, mas o lance escolhido funciona muito bem na partida.}) 21... c5 (21...
Nh5 $1 {[%c_effect h5;square;h5;type;GreatFind;persistent;true] é uma
tentativa melhor, embora as Brancas ainda estejam claramente melhor depois de}
22. Qf2) (21... Bxb3 $2 {[%c_effect b3;square;b3;type;Mistake;persistent;true]
É importante mencionar que este lance tático não funciona:} 22. axb3 Rxe5
23. Nxe4 $1 fxe4 24.
Bxe5 {com uma vitória.}) 22. Rhe1 exf3 (22... Bxb3 {perde de novo:} 23. axb3
Rxe5 24. Nxe4) (22... Kh7 {é uma sugestão do computador, mas não faz muito
sentido para a mente humana. A ideia é} 23. fxe4 Bxb3 24. axb3 Rxe5 {Mesmo
aqui, as Brancas têm vários bons lances para obter uma vantagem avassaladora.
Editado: após escrever estas palavras, assisti à entrevista pós-jogo de
Praggnanandhaa e ele mencionou exatamente essa linha, então talvez eu devesse
dizer que a variante não faz sentido para minha mente, mas faz para alguém
que calcula tão bem quanto o prodígio indiano.}) 23. gxf3 Nh5 24. Rg1 {
As Brancas têm muitos lances bons. Praggnanandhaa decide usar a coluna g.} c4
{Isto perde outro peão, mas suspeito que as Negras não tinham muita
esperança de salvar a partida neste momento.} 25. Nxc4 Qe7 26. a3 Bxc3 27.
Bxc3 Qxh4 28. Qe5 $1 {[%c_effect e5;square;e5;type;GreatFind;persistent;true]
A pressão em g7 decide a partida.} Qe7 29. Rde1 Qd7 30. Nd6 Re7 31. Qh2 $1 {
[%c_effect h2;square;h2;type;GreatFind;persistent;true] Uma solução elegante.
} Nf6 32. Qxh6 Qxd6 33. Bxf6 {O jovem GM indiano tem demonstrado um progresso
notável ao longo do último ano. Em minha opinião, ele entra no Torneio de
Candidatos como um dos favoritos. Precisão CHESS.COM: Brancas 93.2% Pretas 83.
7%} 1-0

[Event "86th Tata Steel Masters 2024"]
[Site "Wijk aan Zee"]
[Date "2024.01.26"]
[Round "10.7"]
[White "Nepomniachtchi, Ian"]
[Black "Ding, Liren"]
[Result "1-0"]
[ECO "C84"]
[WhiteElo "2769"]
[BlackElo "2780"]
[Annotator "GM rafael Leitão"]
[PlyCount "71"]
[EventDate "2024.??.??"]
[TimeControl "40/6000+30:3000+30"]

1. e4 e5 2. Nf3 Nc6 3. Bb5 a6 4. Ba4 Nf6 5. O-O Be7 6. d3 {Os dois
enxadristas continuam a batalha teórica na Ruy Lopez que ocorreu em seu match
dramático pelo campeonato mundial.} b5 7. Bb3 d6 8. c3 O-O 9. a4 (9. h3 {
Nepomniachtchi fez esse lance duas vezes no match. Ele busca um novo caminho
para esta partida.}) 9... Bd7 10. Ba2 $5 {[%c_effect a2;square;a2;type;
Interesting;persistent;true] Um lance muito raro, mas já feito pelo GM Peter
Svidler, um grande especialista na Ruy Lopez com ambas as cores. A ideia é
antecipar o típico lance 10...Ca5 seguido por c7-c5, que pode ocorrer após
10.Cbd2.} (10. Nbd2 Na5 11. Bc2 c5 {com uma posição típica.}) (10. Bc2) (10.
Re1) 10... h6 11. h3 Re8 12. Be3 {Uma posição espanhola normal no lance 12,
sem nenhuma teoria específica. Isso é mais ou menos o que os jogadores de
Brancas buscam na difícil arte da preparação teórica moderna. A posição
pode ser desconhecida para mim, para você e talvez até para o campeão
mundial, mas certamente era bem conhecida por Nepomniachtchi, como veremos.} (
12. Re1 {foi jogado em Svidler-Adams, EU-Cup 2011.}) 12... Rb8 (12... Bf8 {
é natural. As Brancas podem continuar com} 13. Nbd2 {e o computador já
mostra linhas com g4-g5, uma ideia surpreendente mas muito perigosa quando o
bispo está em a2.}) 13. Nbd2 (13. axb5 {As Brancas podem considerar trocar em
b5 imediatamente.} axb5 14. Nbd2 {com ideias semelhantes.}) 13... Bf8 (13...
bxa4 $5 {[%c_effect a4;square;a4;type;Interesting;persistent;true] As Negras
agora poderiam aproveitar a oportunidade para capturar em a4.} 14. Nc4 (14.
Qxa4 {permite que as Negras joguem} Nb4 15. Qd1 Nxa2 {É um grande alívio
quando o bispo de casas claras é capturado.} (15... Nxd3 16. Qc2 {é perigoso.
}) 16. Rxa2 Bf8 {com igualdade.}) 14... Bf8 15. Bb1 Ne7 16. Bc2 Ng6 17. Bxa4 c6
{Preparando d6-d5, com boa posição.}) 14. g4 $1 {[%c_effect g4;square;g4;
type;GreatFind;persistent;true] A primeira escolha do computador e ainda
preparação de Nepomniachtchi.} Be6 {Uma ideia lógica, já que o bispo em a2
é uma peça monstruosa.} (14... Nh7 {é possível:} 15. axb5 axb5 16. Kh2 {
As Brancas preparam Th1-h4-g5 com uma posição complicada.}) 15. Bxe6 Rxe6 16.
axb5 axb5 17. g5 {As Brancas vão com tudo. Parece estranho para mim que um
ataque tão brutal possa ser bem-sucedido contra um rei protegido, mas o
computador aprova e indica igualdade. O xadrez moderno é xadrez sem
preconceitos.} hxg5 18. Nxg5 Re8 19. Kh2 {Abrindo a coluna g para a torre.} d5
{Contra um ataque pelo flanco, contra-ataque pelo centro. Este é o conselho
clássico que você encontrará nos livros, enquanto o oráculo da modernidade
não se preocupa tanto com palavras bonitas e genéricas.} (19... Qd7 {é o
lance preferido do computador, embora não seja tão didático.}) 20. Rg1 d4
21. cxd4 exd4 (21... Nxd4 {é mais preciso, seguido por c7-c5, resultando em
um jogo equilibrado. Isso foi sugerido por Nepomniachtchi em sua entrevista
pós-jogo, e ele disse que verificou tudo isso em sua preparação. Ainda
estou impressionado com o quão profunda é a análise de aberturas dos
jogadores de elite—considere o número de alternativas que as Negras tinham
ao longo do caminho após 10.Ba2.}) 22. Bf4 {O plano das Brancas é jogar Bg3
e então avançar o peão de f. A posição torna-se estrategicamente perigosa
para as Negras.} Bd6 $1 23. Bg3 (23. Bxd6 {também é possível:} Qxd6+ 24. Kh1 Qf4 25. Ndf3 Ne5
26. Rc1 {com uma pequena vantagem para as Brancas.}) 23... Bxg3+ 24. Rxg3 Qd6
25. Kg1 {É difícil dizer se é melhor o rei em g1 ou em h1.} Ra8 {
Nepomniachtchi criticou este lance. Ele sugeriu 25...Df4, o que na verdade é
um erro.} (25... Qf4 $6 26. Ndf3 $1 {[%c_effect f3;square;f3;type;GreatFind;persistent;true] A
posição das Negras é instável e as Brancas têm vários planos
disponíveis, mesmo jogando Ce1-g2, para expulsar a dama.}) (25... g6 {com a
ideia de jogar Ch5 em algum momento, é uma alternativa interessante.}) 26.
Rxa8 (26. Rc1 {também é lógico.} Ra6 {Protegendo o cavalo e ajudando na ala
do rei. A posição das Brancas é mais confortável, mas há muito jogo.})
26... Rxa8 27. Qb3 {Atacando f7 e b5, mas perder o último peão não é o fim
do mundo.} Qd7 (27... Nd8 {também é possível. A captura em b5 não é tão
perigosa:} 28. Qxb5 Qc6 {A troca de damas é uma boa notícia para as Negras.}
29. Qxc6 Nxc6 {com boa compensação já que a torre em g3 não está tão bem
posicionada agora que não há ataque direto.}) 28. Ndf3 (28. Qxb5 {não é
bom o suficiente:} Nh5 (28... Rb8 {também é possível.}) 29. Rg4 Nf6 30. Rg2
{Caso contrário é um empate por repetição.} Ra1+ 31. Nf1 Ra5 {com bom
contra-jogo. Ch5-f4 será desagradável de enfrentar.}) 28... Rb8 $2 {
[%c_effect b8;square;b8;type;Mistake;persistent;true] Defender o peão de b5
de forma tão passiva é uma má ideia.} (28... Nd8 {Esse lance difícil é
uma das sugestões do computador, que avalia a posição como igual.}) (28...
Re8 $5 {[%c_effect e8;square;e8;type;Interesting;persistent;true] é um lance
humano, impedindo o avanço e4-e5. Se as Brancas capturarem em b5, as Negras
poderão trocar as damas.} 29. Qxb5 (29. Nh4 {é mais interessante:} Ne5 30.
Qd1 g6 {com chances para ambos os lados.}) 29... Nh5 30. Rg4 Ne5 $1 31. Qxd7 Nxd7 {
A ameaça é f6. Acontece que as peças brancas não estão tão bem colocadas
na ala do rei. As Negras devem conseguir empatar.}) (28... Nh5 {é uma ideia
ativa:} 29. Rg4 Ra1+ 30. Kg2 Na5 $1 {[%c_effect a5;square;a5;type;GreatFind;
persistent;true] Curiosamente, a melhor opção é colocar os dois cavalos no
canto do tabuleiro. Como eu escrevi antes: o xadrez moderno é xadrez sem
preconceitos. A posição se torna muito complicada, com algumas variantes
vistosas.} 31. Qb4 (31. Qc2 Qc6 {As Negras deveriam buscar uma troca de damas
nesta posição, como já está claro.} (31... f6 {é tentador:} 32. b4 $1 Qc6 {Ainda é o
melhor lance:} (32... fxg5 33. Qb2 $3 {[%c_effect b2;square;b2;type;Brilliant;
persistent;true] Um lance intermediário maravilhoso.} (33. bxa5 Nf4+ 34. Kh2
Ne6 {com contra-jogo para as Negras, por exemplo:} 35. Nxg5 Nxg5 36. Rxg5 Qf7
$1 {[%c_effect f7;square;f7;type;GreatFind;persistent;true] O rei está
inseguro em h2.}) 33... Ra4 34. bxa5 Nf4+ 35. Kh2 Ne6 36. Nxg5 Nxg5 37. Rxg5 c6
38. f4 Rxa5 39. Kg3 {com uma grande vantagem posicional para as Brancas,
graças à sua melhor estrutura de peões.}) 33. Nxd4 Qxc2 34. Nxc2 Ra2 35.
bxa5 Rxc2 36. Ne6 {As complicações persistem, mas o empate é o resultado
mais provável.}) 32. Nxd4 Qxc2 33. Nxc2 Ra2 34. e5 Rxb2 35. Nd4 {O peão de b
parece perigoso, mas as Brancas irão avançar e6 e podem criar algumas
ameaças. A posição está equilibrada.}) 31... f6 32. Ne6 $1 Qxe6 33. Qxb5 Qf7 {com um caos
total no tabuleiro. As Brancas têm uma boa compensação pela peça, mas não
mais do que isso.}) 29. Qc2 $2 (29. Nh4 $1 {[%c_effect h4;square;h4;type;GreatFind;
persistent;true] é muito mais forte. O cavalo vai para f5 e as Brancas têm
um ataque esmagador.} Ne5 (29... Nh5 30. Rf3 Ne5 31. Rf5 {seguido por f4 ou
mesmo Cg6, com ataque decisivo.}) 30. Qd1 $1 {[%c_effect d1;square;d1;type;
GreatFind;persistent;true] Um lance importante, evitando Ch5.} (30. Nf5 $2 Nh5) 30... g6 31. f4 Nh5
32. fxe5 $1 Nxg3 33.
e6 $1 fxe6 34. Qf3
Nh5 35. Nxg6 Ng7 36. Qf6 {A dama e dois cavalos se combinam para um ataque
decisivo.}) 29... Rb6 $6 (29... Re8 $1 {[%c_effect e8;square;e8;type;GreatFind;persistent;true]
A torre deve ir para a coluna e, evitando e4-e5.}) 30. e5 $1 Nh5 31. Rg4 Rb8 $2 {[%c_effect b8;
square;b8;type;Mistake;persistent;true] O erro decisivo.} (31... Qd5 {é
necessário.} 32. Qc1 $1 {[%c_effect c1;square;c1;type;GreatFind;persistent;
true] Protegendo o peão de e5 indiretamente.} f6 (32... Nxe5 $2 33. Nxe5 Qxe5 34. Re4 {está ganho
para as Brancas, pois o mate com Te8 está chegando.}) 33. exf6 Nxf6 {As
Brancas agora podem escolher qualquer casa para a torre e manter a iniciativa,
mas as Negras ainda estão defendendo.}) 32. Qc5 (32. Ne4 {também é bom,
preparando Tg5 e um lance de cavalo para f6 mais cedo ou mais tarde.}) 32...
Rd8 33. Ne4 (33. e6 {ganha imediatamente:} fxe6 34. Ne4 Qd5 35. Rg5 $1 Qxc5 36. Rxc5 {
com um ataque duplo em c6 e h5.}) 33... Qe6 (33... Qd5 {foi sugerido como uma
melhoria por Nepomniachtchi. Ele mencionou a seguinte linha:} 34. Qxd5 Rxd5 35.
Rg5 $1 Nf4 (35... g6
36. Rxh5 gxh5 37. Nf6+ {ganha uma peça.}) 36. Nf6+ Kf8 37. Nxd5 Nxh3+ 38. Kf1
Nxg5 39. Nxg5 Nxe5 40. Ke2 {e Brancas deveriam vencer gradualmente o final. O
peão de d4 é uma fraqueza e Negras em breve ficarão com uma peça a menos
por apenas um peão.}) 34. Rh4 $1 Rd5 (34... g6 35. Rxh5 $1 {[%c_effect h5;square;h5;type;
GreatFind;persistent;true] Essa é a ideia temática para vencer a partida nas
mais diversas variantes.} gxh5 36. Nfg5 Qxe5 37. Qxc6 {com vantagem material e
ataque decisivo.}) 35. Qa3 $1 {[%c_effect a3;square;a3;type;GreatFind;
persistent;true] A dama agora pode ir para a8.} g6 (35... Nxe5 36. Qa8+ {ganha.
}) 36. Nfg5 (36. Rxh5 {também ganha:} gxh5 37. Nf6+ Kg7 38. Nxh5+ Kg8 39. Nf4
$1 Qd7 40. Qa8+ Kg7 (
40... Kh7 41. Ng5+ {com mate em breve.}) 41. Nh5+ {com um ataque de mate.}) (
36. Nfg5 {A variante a seguir ilustra por que as Negras abandonaram:} Qxe5 37.
Qa8+ Nd8 38. Rxh5 $1 gxh5 39. Qxd5 $1 Qxd5
40. Nf6+ {ganhando uma peça. Precisão Chess.Com: Brancas 95.0% Pretas 89.8%})
1-0